AoeStats
← CharlesFP89

Nomad

508053963Analyzed
4v4 RM · 10d ago on Sep 20, 2026· 42m 9s· 8 players
Game mode
Random Map
Map size
231×231
Population
200
Speed
Normal
Resources
Standard
Victory
Conquest
Starting age
Dark Age
Ending age
Imperial Age
RankedLock teamsTeams togetherTeam positionsShared explorationLock speedFull tech treeHidden civsTurbo modeCheats
Victory
Defeat
🇨🇭 Turks · Switzerland
909
+15
🇲🇽 Bohemians · Mexico
894
+15
🇧🇷 Persians · Brazil
889
+16
🇨🇷 Malay · Costa Rica
852
+17
🇫🇷 Persians · France
942
-18
🇫🇷 Franks · France
882
-16
🇨🇭 Italians · Switzerland
863
-15
🇫🇷 Teutons · France
839
-14
plaiemobile
3:34 Loom
3:54 Loom
15:15 Feudal Age
19:14 Castle Age
18:10 Double-Bit Axe
19:56 Wheelbarrow
21:42 Light Cavalry
27:14 Town Watch
28:23 Forging
29:23 Bow Saw
32:12 Hand Cart
33:28 Iron Casting
34:38 Scale Barding Armor
36:28 Gold Mining
36:29 Stone Mining
45:01 Imperial Age
Legrumsx
16:21 Feudal Age
16:59 Loom
20:48 Castle Age
19:00 Fletching
19:09 Double-Bit Axe
19:17 Fishing Lines
21:22 Gillnets
21:11 Crossbowman
22:45 Wheelbarrow
22:47 Horse Collar
23:21 Bow Saw
24:49 Horse Collar
25:56 Heavy Plow
28:20 Gold Mining
28:22 Stone Mining
30:16 Thumb Ring
31:29 Bodkin Arrow
31:57 Hand Cart
35:01 Elite Skirmisher
40:15 Padded Archer Armor
43:26 Imperial Age
CharlesFP89
11:23 Loom
14:09 Feudal Age
18:41 Castle Age
21:49 Double-Bit Axe
21:36 Pikeman
23:27 Wheelbarrow
33:35 Hand Cart
34:21 Horse Collar
34:59 Town Watch
35:20 Heavy Plow
37:52 Bloodlines
Haboryme
15:32 Feudal Age
16:14 Horse Collar
16:22 Double-Bit Axe
23:26 Castle Age
23:07 Forging
25:05 Loom
25:53 Pikeman
26:33 Squires
27:18 Medium Warships
29:43 Scale Mail Armor
31:15 Bow Saw
30:35 Man-at-Arms
31:03 Gambesons
31:57 Gold Mining
31:30 Long Swordsman
32:29 Chain Mail Armor
33:34 Fishing Lines
35:40 Wheelbarrow
Deivid7201
6:23 Loom
14:35 Feudal Age
15:09 Double-Bit Axe
22:29 Castle Age
20:34 Fishing Lines
21:27 Man-at-Arms
23:50 Gillnets
23:43 Light Cavalry
26:17 Chemistry
25:13 Crossbowman
25:46 Fletching
25:57 Scale Mail Armor
26:36 Bow Saw
27:07 Pikeman
27:51 Squires
30:11 Wheelbarrow
30:48 Murder Holes
31:14 Ballistics
30:35 Treadmill Crane
31:01 Horse Collar
36:24 Imperial Age
mandalvarado
3:51 Loom
16:17 Feudal Age
19:33 Double-Bit Axe
25:05 Castle Age
22:58 Fishing Lines
23:24 Horse Collar
25:06 Husbandry
26:52 Forging
31:43 Gillnets
36:20 Imperial Age
38:54 Elite Karambit Warrior
41:23 Wheelbarrow
41:11 Medium Warships
41:14 Elite Battle Elephant
42:20 Hand Cart
43:07 Iron Casting
42:39 Scale Barding Armor
l'entourloupe
8:27 Loom
14:57 Feudal Age
15:53 Double-Bit Axe
17:52 Fishing Lines
21:17 Castle Age
21:13 Forging
21:18 Bloodlines
22:10 Gillnets
21:44 Light Cavalry
23:45 Scale Barding Armor
26:10 Bow Saw
26:15 Medium Warships
27:40 Pikeman
33:44 Imperial Age
34:11 Wheelbarrow
34:21 Chain Barding Armor
33:31 Cavalier
34:11 Gold Mining
35:23 Hand Cart
36:22 Chemistry
36:09 Heavy Warships
36:35 Fletching
36:26 Heavy Camel Rider
37:44 Plate Barding Armor
37:55 Bodkin Arrow
38:41 Iron Casting
39:50 Citadels
40:13 Clinker Construction
40:15 Careening
40:30 Husbandry
41:34 Ballistics
41:20 Town Watch
42:03 Padded Archer Armor
43:05 Blast Furnace
43:13 Two-Man Saw
frederic11
15:37 Feudal Age
13:53 Loom
22:08 Castle Age
23:39 Padded Archer Armor
23:31 Fletching
31:37 Horse Collar
40:47 Imperial Age
40:03 Gold Mining
40:04 Stone Mining
Connection lost

Rejoining the realm…

Still unreachable

The connection could not be restored.

Session expired

The server has moved on; the page needs a fresh start.